 Dungeon Crawl Stone Soup version 0.30.1-4-g462c640d31 (webtiles) character file.

Game seed: 12756440547959081014

31752 Cassiopeia the Thaumaturge (level 13, 0/103 HPs)
             Began as a Gnoll Warper on Sept 19, 2023.
             Was an Initiate of Gozag.
             Slain by a salamander
             ... wielding a +0 trident
              (2 damage)
             ... in a volcano.
             The game lasted 01:38:03 (32047 turns).

Cassiopeia the Thaumaturge (Gnoll Warper)          Turns: 32047, Time: 01:38:04

Health: 0/103      AC:  8    Str: 12    XL:     13   Next: 60%
Magic:  24/27      EV: 20    Int: 17    God:    Gozag
Gold:   670        SH:  0    Dex: 11    Spells: 13/32 levels left

rFire   + + +        T - +4 whip "Worm's Wrath" {speed, Fragile rF+++ rC++}
rCold   + + .        (no shield)
rNeg    . . .        O - +2 robe {Archmagi}
rPois   +            g - melded +0 helmet
rElec   .            o - +0 cloak
rCorr   .            F - +1 pair of gloves
SInv    .            h - melded +0 pair of boots
Will    .....        b - amulet of the acrobat
Stlth   ++++         q - +5 ring of evasion
HPRegen 0.37/turn    u - ring of poison resistance
MPRegen 0.20/turn

%: acrobat, archmagi
@: appendages, gold aura
A: horns 2, talons 2, fangs 1, strong nose, distributed training
a: End Transformation, Renounce Religion, Potion Petition, Call Merchant, Bribe
Branch


You were in a volcano.
You worshipped Gozag.
Gozag was pleased with you.
You had temporarily grown beastly horns and talons.
You visited 3 branches of the dungeon, and saw 17 of its levels.
You also visited: Ossuary and Volcano.

You collected 2607 gold pieces.
You spent 628 gold pieces at shops.
You paid 1309 gold pieces to Gozag.

Inventory:

Hand Weapons
 T - the +4 whip "Worm's Wrath" (weapon) {speed, Fragile rF+++ rC++}
   (You found it on level 1 of the Lair of Beasts)

   rF:        It renders you almost immune to fire.
   rC:        It greatly protects you from cold.
   Fragile:   It will be destroyed if unequipped.
Missiles
 m - 22 poisoned darts (quivered)
 N - 2 throwing nets
Armour
 g - a +0 helmet (melded)
 h - a +0 pair of boots (melded)
 o - a +0 cloak (worn)
 F - a +1 pair of gloves (worn)
 O - a +2 robe of the Archmagi (worn)
Jewellery
 a - the ring "Voje" {Ice Str+2}
   (You found it on level 3 of the Lair of Beasts)

   [ring of ice]

   It enhances your ice magic.
   Str:       It affects your strength (+2).
   rF:        It makes you vulnerable to fire.
   rC:        It protects you from cold.
 b - an amulet of the acrobat (around neck)
 q - a +5 ring of evasion (left hand)
 u - a ring of poison resistance (right hand)
 x - a ring of ice
 B - a +6 ring of intelligence
 E - a ring of protection from fire
 Q - an amulet of guardian spirit
Wands
 s - a wand of mindburst (14)
 D - a wand of paralysis (14)
 K - a wand of quicksilver (18)
 P - a wand of flame (8)
 U - a wand of roots (3)
 W - a wand of digging (6)
Scrolls
 c - a scroll of amnesia {unknown}
 f - a scroll of vulnerability
 i - 2 scrolls of fog
 j - a scroll of immolation
 n - a scroll of brand weapon
 p - 3 scrolls of torment
 A - a scroll of enchant armour
 R - a scroll of blinking
Potions
 d - a potion of invisibility
 r - 12 potions of degeneration
 t - a potion of mutation
 v - 6 potions of curing
 w - 2 potions of lignification
 G - a potion of brilliance {unknown}
 H - 5 potions of flight
 I - a potion of might
 J - a potion of haste
 L - a potion of attraction {unknown}
 V - a potion of ambrosia {unknown}
 Z - a potion of magic {unknown}
Miscellaneous
 l - a phantom mirror


   Skills:
 + Level 9.9 Fighting
 + Level 8.7 Short Blades
 + Level 8.7 Long Blades
 + Level 8.7 Axes
 + Level 8.7 Maces & Flails
 + Level 9.9 Polearms
 + Level 8.7 Staves
 + Level 8.7 Ranged Weapons
 + Level 9.2 Throwing
 + Level 9.2 Armour
 + Level 9.9 Dodging
 + Level 8.7 Stealth
 + Level 8.7 Shields
 + Level 8.7 Unarmed Combat
 + Level 10.1 Spellcasting
 + Level 7.3 Conjurations
 + Level 7.3 Hexes
 + Level 7.3 Summonings
 + Level 7.3 Necromancy
 + Level 9.2 Translocations
 + Level 7.3 Transmutations
 + Level 7.3 Fire Magic
 + Level 7.3 Ice Magic
 + Level 7.3 Air Magic
 + Level 7.3 Earth Magic
 + Level 7.3 Poison Magic
 + Level 9.5 Invocations
 + Level 8.7 Evocations


You had 13 spell levels left.
You knew the following spells:

 Your Spells              Type           Power      Damage    Failure   Level
a - Blink                 Tloc           100%       N/A       1%          2
b - Teleport Other        Tloc           56%        N/A       1%          3
c - Vhi's Electric Charg  Tloc/Air       100%       N/A       1%          3
d - Dazzling Flash        Conj/Hex       100%       N/A       1%          3
e - Beastly Appendage     Tmut           100%       N/A       1%          1
f - Ozocubu's Armour      Ice            50%        N/A       1%          3
g - Manifold Assault      Tloc           56%        N/A       1%          4

Your spell library contained the following spells:

 Spells                   Type           Power      Damage    Failure   Level
 Lesser Beckoning         Tloc           100%       N/A       1%          2
 Wereblood                Tmut           50%        N/A       1%          2
 Spider Form              Tmut/Pois      50%        N/A       1%          3
 Agony                    Necr           50%        N/A       12%         5
 Arcjolt                  Conj/Air       25%        1d35      12%         5
 Fireball                 Conj/Fire      25%        3d11      12%         5
 Iskenderun's Battlesphe  Conj           50%        2d10      12%         5
 Metabolic Englaciation   Hex/Ice        25%        N/A       12%         5
 Silence                  Hex/Air        25%        N/A       12%         5
 Conjure Ball Lightning   Conj/Air       25%        3x3d7     54%         6
 Iron Shot                Conj/Erth      25%        9d5       54%         6
 Orb of Destruction       Conj           25%        9d9       98%         7
 Lehudib's Crystal Spear  Conj/Erth      25%        10d7      100%        8
 Simulacrum               Ice/Necr       Unusable   N/A       N/A         6

Dungeon Overview and Level Annotations

Branches:
Dungeon (12/15)            Temple (1/1) D:7            Lair (4/5) D:9
 Shoals (0/4) Lair:2        Snake (0/4) Lair:3          Orc (0/2) D:10
Ossuary (visited)         Volcano (1/1)
  Slime: Lair:4-5

Altars:
Ashenzari
Cheibriados
Dithmenos
Elyvilon
Fedhas
Gozag
Hepliaklqana
Kikubaaqudgha
Makhleb
Nemelex Xobeh
Okawaru
Qazlal
Ru
Sif Muna
Trog
Uskayaw
Vehumet
Wu Jian
Xom
Yredelemnul
Zin
The Shining One

Shops:
D:4 *   D:7 *   D:8 *   Lair:1 (

Portals:
Gauntlet: D:12

Annotations:
D:3 2 transporters, OlManJenkins's ghost, amateur GnFE
D:6 exclusions: acid dragon and wyvern
D:7 3 runed translucent doors, Kranky's ghost, novice GnWn
Lair:2 2 transporters, viagra's ghost, journeyman MiBe


Innate Abilities, Weirdness & Mutations

You have temporarily grown beastly horns and talons.
You have very sharp teeth.
Your uncanny sense of smell can sniff out nearby items.
Your experience applies equally to all skills.


Message History

Unknown command.
You barely miss the salamander.
You claw the salamander, but do no damage.
You bite the salamander, but do no damage.
The salamander is almost dead.
You barely miss the salamander.
You claw the salamander, but do no damage.
The salamander is almost dead.
You hit the salamander but do no damage.
You claw the salamander.
You kill the salamander!
The salamander hits you with a +0 trident!
You are engulfed in flames.
You resist.
Unknown command.
You barely miss the salamander. You claw the salamander.
You headbutt the salamander.
The salamander is lightly wounded.
You hit the salamander but do no damage.
Your kick misses the salamander. Your bite misses the salamander.
The salamander is lightly wounded.
The salamander hits you with a +0 trident!
* * * LOW HITPOINT WARNING * * *
You are engulfed in flames.
You resist.
* * * LOW HITPOINT WARNING * * *
You hit the salamander. You claw the salamander. You headbutt the salamander.
The salamander is moderately wounded.
You hit the salamander. Your kick misses the salamander.
The salamander is moderately wounded.
The salamander hits you with a +0 trident.
* * * LOW HITPOINT WARNING * * *
You are engulfed in flames.
You resist.
* * * LOW HITPOINT WARNING * * *
Casting: Beastly Appendage (safe; 1% risk of failure)
Confirm with . or Enter, or press ? or * to list all spells.
You feel a surge of power!
You blink.
The salamander hits you from afar with a +0 trident!
* * * LOW HITPOINT WARNING * * *
You are engulfed in flames.
You resist.
You die...
Your body crumbles into a pile of gold.

≈≈≈§§ ##§ §§≈≈§ ##§§≈
≈§≈§§≈≈####
§§≈≈§#######≈≈§ §#
#§§≈###)!)))###§≈§ ##
#§§≈##.#.).).#.##§ ≈#
##§≈≈#..'.).!.+..# ≈≈##
##§§≈##..@.._..+..##≈≈§≈#
≈≈≈§≈#...#d....#...#≈≈≈≈≈
§§§§≈#..N#######)..#≈§§≈≈
≈≈§≈§#.§$+)[...'...#≈§§≈≈
≈≈§§≈#...#..≈..#.).#≈§§≈#
#≈≈§≈#...#8≈≈≈8#...#≈≈≈##
#≈≈§≈##..'..≈..+..## ≈≈≈#
#§§§ #..'.....+..# ≈≈# ##
≈##)#8...8#)##≈ ##


You could see a red draconian and a salamander.

Vanquished Creatures
  Nessos (Lair:3)
  2 hydras
  Harold (D:9)
  Erolcha (D:9)
  An alligator (Lair:2)
  A salamander mystic (Volcano)
  Pikel (D:5)
  A manticore (Lair:2)
  5 salamanders (Volcano)
  Maurice (D:8)
  4 black mambas
  Maggie (D:9)
  A gargoyle (D:10)
  A torpor snail (Lair:1)
  10 cane toads
  A kobold demonologist (D:10)
  4 rime drakes
  8 komodo dragons
  3 polar bears
  A wind drake (Lair:2)
  3 blink frogs (Lair:3)
  2 dream sheep (Lair:1)
  Prince Ribbit (D:8)
  32 yaks
  2 wyverns
  8 basilisks
  A steam dragon (D:5)
  3 nagas (Lair:3)
  10 water moccasins
  A swamp drake (D:10)
  5 black bears
  3 ice beasts
  An orc warrior (D:10)
  An ogre (D:10)
  4 centaurs
  10 wolves
  3 lemures
  4 phantoms
  3 elf zombies (Ossuary)
  2 kobold brigands
  Blork the orc (D:4)
  11 bullfrogs
  A gnoll sergeant (D:5)
  4 scorpions
  14 killer bees
  3 howler monkeys (D:8)
  6 electric eels
  4 hounds
  5 human zombies (Ossuary)
  Crazy Yiuf (D:4)
  4 centaur zombies (Ossuary)
  5 orc priests
  3 jellies
  A gnoll bouda (D:6)
  A sleepcap (D:4)
  3 iguanas
  6 orc wizards
  2 hell rats (Lair:2)
  Natasha (thrice) (D:2)
  3 mummies (Ossuary)
  Robin (D:4)
  10 adders
  9 gnolls
  7 river rats (Lair:2)
  A shadow imp (D:6)
  A white imp (D:6)
  4 worms
  3 dart slugs
  28 orcs
  2 endoplasms
  5 giant cockroaches
  19 goblins
  9 hobgoblins
  A jackal (D:6)
  9 quokkas
  9 ball pythons
  6 bats
  4 frilled lizards
  12 kobolds
  10 rats
379 creatures vanquished.

Vanquished Creatures (collateral kills)
  A hydra (Lair:2)
  An orc priest (D:9)
2 creatures vanquished.

Vanquished Creatures (others)
  2 kobolds
2 creatures vanquished.

Grand Total: 383 creatures vanquished

Notes
Turn   | Place    | Note
-------+----------+-------------------------------------------
     0 | D:1      | Cassiopeia the Gnoll Warper began the quest for the Orb.
     0 | D:1      | Reached XP level 1. HP: 20/20 MP: 6/6
   143 | D:1      | Reached XP level 2. HP: 24/26 MP: 7/7
  1180 | D:2      | Reached skill level 5 in Spellcasting
  1180 | D:2      | Reached XP level 3. HP: 31/31 MP: 7/9
  1188 | D:2      | Learned a level 2 spell: Blink
  1215 | D:2      | Reached skill level 1 in Invocations
  1285 | D:2      | Reached skill level 1 in Short Blades
  1285 | D:2      | Reached skill level 1 in Long Blades
  1285 | D:2      | Reached skill level 1 in Axes
  1285 | D:2      | Reached skill level 1 in Maces & Flails
  1285 | D:2      | Reached skill level 1 in Staves
  1285 | D:2      | Reached skill level 1 in Ranged Weapons
  1285 | D:2      | Reached skill level 1 in Stealth
  1285 | D:2      | Reached skill level 1 in Shields
  1285 | D:2      | Reached skill level 1 in Unarmed Combat
  1285 | D:2      | Reached skill level 1 in Evocations
  1425 | D:2      | Found a glowing silver altar of Zin.
  1438 | D:2      | Reached XP level 4. HP: 29/38 MP: 11/11
  1503 | D:2      | Noticed Natasha
  1512 | D:2      | Killed Natasha
  1513 | D:2      | Reached skill level 1 in Conjurations
  1513 | D:2      | Reached skill level 1 in Hexes
  1513 | D:2      | Reached skill level 1 in Summonings
  1513 | D:2      | Reached skill level 1 in Necromancy
  1513 | D:2      | Reached skill level 1 in Transmutations
  1513 | D:2      | Reached skill level 1 in Fire Magic
  1513 | D:2      | Reached skill level 1 in Ice Magic
  1513 | D:2      | Reached skill level 1 in Air Magic
  1513 | D:2      | Reached skill level 1 in Earth Magic
  1513 | D:2      | Reached skill level 1 in Poison Magic
  2566 | D:2      | Noticed Natasha
  2576 | D:2      | Killed Natasha
  2577 | D:2      | Reached XP level 5. HP: 31/43 MP: 12/12
  2772 | D:2      | Found a glowing silver altar of Zin.
  2807 | D:2      | Noticed Natasha
  2815 | D:2      | Killed Natasha
  4018 | D:2      | Found a glowing silver altar of Zin.
  4323 | D:3      | Learned a level 3 spell: Teleport Other
  4497 | D:3      | Found an ancient bone altar of Kikubaaqudgha.
  4550 | D:3      | Noticed OlManJenkins's ghost (amateur GnFE)
  4558 | D:3      | Found a transporter.
  4640 | D:3      | Found a transporter.
  4832 | D:3      | Found a faded altar of an unknown god.
  5070 | D:3      | Found a radiant altar of Vehumet.
  5070 | D:3      | Found a faded altar of an unknown god.
  5083 | D:3      | Found a shimmering altar of Xom.
  5085 | D:3      | Found a sparkling altar of Nemelex Xobeh.
  5086 | D:3      | Found a faded altar of an unknown god.
  5240 | D:4      | Noticed Blork the orc
  5241 | D:4      | Noticed a centaur
  5436 | D:4      | Killed Blork the orc
  5437 | D:4      | Reached skill level 5 in Fighting
  5437 | D:4      | Reached skill level 5 in Polearms
  5437 | D:4      | Reached skill level 5 in Dodging
  5437 | D:4      | Reached XP level 6. HP: 40/51 MP: 14/14
  5712 | D:4      | Reached XP level 7. HP: 56/56 MP: 15/15
  5869 | D:4      | Noticed Robin
  5882 | D:4      | Killed Robin
  6055 | D:4      | Found Garuwk's Serpentskin Sales.
  6434 | D:4      | Found a runed translucent door.
  6435 | D:4      | Noticed Crazy Yiuf
  6608 | D:4      | Killed Crazy Yiuf
  6684 | D:4      | Bought 4 poisoned darts for 33 gold pieces
  6717 | D:5      | Entered Level 5 of the Dungeon
  6887 | D:5      | Reached XP level 8. HP: 57/63 MP: 16/16
  7048 | D:5      | Reached skill level 6 in Spellcasting
  7234 | D:5      | Found a glowing golden altar of the Shining One.
  7324 | D:5      | Noticed Pikel
  8654 | D:6      | Noticed a wyvern
  8842 | D:5      | Reached XP level 9. HP: 61/69 MP: 18/18
  8879 | D:5      | Learned a level 3 spell: Vhi's Electric Charge
  9183 | D:5      | Killed Pikel
  9184 | D:5      | Reached skill level 5 in Throwing
  9184 | D:5      | Reached skill level 5 in Armour
  9633 | D:5      | Learned a level 3 spell: Dazzling Flash
  9653 | D:7      | Found Degumef's Distillery.
 10089 | D:7      | Learned a level 1 spell: Beastly Appendage
 10289 | D:7      | Found Kapra's Lightly-Used Armoury.
 10362 | D:7      | Reached skill level 5 in Invocations
 10653 | D:7      | Reached skill level 7 in Spellcasting
 10819 | D:7      | Found a staircase to the Ecumenical Temple.
 10834 | D:7      | Found a runed translucent gate.
 10834 | D:7      | Found a runed translucent gate.
 10834 | D:7      | Found a runed translucent gate.
 10835 | D:7      | Found an opulent altar of Gozag.
 10835 | D:7      | Noticed Kranky's ghost (novice GnWn)
 11033 | D:8      | Noticed Maurice
 11064 | D:8      | Killed Maurice
 11065 | D:8      | Reached skill level 5 in Short Blades
 11065 | D:8      | Reached skill level 5 in Long Blades
 11065 | D:8      | Reached skill level 5 in Axes
 11065 | D:8      | Reached skill level 5 in Maces & Flails
 11065 | D:8      | Reached skill level 5 in Staves
 11065 | D:8      | Reached skill level 5 in Ranged Weapons
 11065 | D:8      | Reached skill level 5 in Stealth
 11065 | D:8      | Reached skill level 5 in Shields
 11065 | D:8      | Reached skill level 5 in Unarmed Combat
 11065 | D:8      | Reached skill level 5 in Evocations
 11065 | D:8      | Reached XP level 10. HP: 45/77 MP: 16/20
 11130 | D:8      | Found a sand-covered staircase.
 11135 | Ossuary  | Entered an ossuary
 11463 | Temple   | Entered the Ecumenical Temple
 11555 | Temple   | Became a worshipper of Gozag Ym Sagoz the Greedy
 11692 | D:8      | Found Zin's Purification Station.
 11692 | D:8      | Found a glowing silver altar of Zin.
 12101 | D:8      | Noticed Prince Ribbit
 12116 | D:8      | Killed Prince Ribbit
 12188 | D:8      | Identified the +1 leather armour "Duitofoph" {rPois}
 12226 | D:8      | Found a hazy altar of Hepliaklqana.
 12674 | D:9      | Noticed Maggie
 13350 | D:9      | Found a staircase to the Lair.
 13393 | D:9      | Killed Maggie
 13394 | D:9      | Reached skill level 8 in Spellcasting
 13394 | D:9      | Reached skill level 5 in Conjurations
 13394 | D:9      | Reached skill level 5 in Hexes
 13394 | D:9      | Reached skill level 5 in Summonings
 13394 | D:9      | Reached skill level 5 in Necromancy
 13394 | D:9      | Reached skill level 5 in Transmutations
 13394 | D:9      | Reached skill level 5 in Fire Magic
 13394 | D:9      | Reached skill level 5 in Ice Magic
 13394 | D:9      | Reached skill level 5 in Air Magic
 13394 | D:9      | Reached skill level 5 in Earth Magic
 13394 | D:9      | Reached skill level 5 in Poison Magic
 13394 | D:9      | Reached XP level 11. HP: 43/85 MP: 21/23
 13532 | D:9      | Got the Teachings on the Salvo
 14175 | D:9      | Noticed Harold
 14216 | D:9      | Found a snail-covered altar of Cheibriados.
 14218 | D:9      | Found a hide-covered altar of Uskayaw.
 14236 | D:9      | Learned a level 3 spell: Ozocubu's Armour
 14263 | D:9      | Found a shimmering blue altar of Sif Muna.
 14342 | D:10     | Entered Level 10 of the Dungeon
 14676 | D:10     | Found a staircase to the Orcish Mines.
 15435 | D:10     | You fall into a shaft and drop 2 floors!
 15435 | D:12     | Found a gate leading to a gauntlet.
 15705 | D:12     | Noticed a manticore
 16051 | D:11     | Noticed a cyclops
 17117 | D:9      | Killed Harold
 17444 | D:9      | Noticed Erolcha
 17460 | D:9      | Killed Erolcha
 17683 | D:8      | Learned a level 4 spell: Manifold Assault
 19213 | Lair:1   | Entered Level 1 of the Lair of Beasts
 19731 | Lair:1   | Reached XP level 12. HP: 87/94 MP: 17/24
 20298 | Lair:1   | Identified the +4 whip "Worm's Wrath" {speed, Fragile rF+++
                  | rC++}
 20475 | Lair:1   | Reached skill level 9 in Spellcasting
 22507 | Lair:1   | Noticed an alligator
 22507 | Lair:1   | Noticed a five-headed hydra
 22725 | Lair:1   | Killed a five-headed hydra
 24363 | Lair:2   | Found a transporter.
 24631 | Lair:2   | Found a staircase to the Shoals.
 25459 | Lair:1   | Bought a jewelled morningstar for 315 gold pieces
 25459 | Lair:1   | Identified the +1 morningstar of Liko {freeze, rN+ Will+}
                  | (You bought it in a shop on level 1 of the Lair of Beasts)
 25459 | Lair:1   | Bought a steaming falchion for 280 gold pieces
 25459 | Lair:1   | Identified the +2 falchion of the Screaming Genius {drain,
                  | rF+ rCorr Int+5} (You bought it in a shop on level 1 of the
                  | Lair of Beasts)
 26279 | Lair:2   | Killed an alligator
 26626 | Lair:1   | Reached XP level 13. HP: 77/101 MP: 3/26
 26982 | Lair:2   | Found a transporter.
 27936 | Lair:2   | Noticed viagra's ghost (journeyman MiBe)
 28641 | Lair:2   | Found a transporter.
 28987 | Lair:2   | Found a staircase to the Shoals.
 29087 | Lair:2   | Found a transporter.
 29844 | Lair:3   | Found a staircase to the Snake Pit.
 29859 | Lair:3   | Identified the ring "Voje" {Ice Str+2}
 30755 | Lair:3   | Reached skill level 10 in Spellcasting
 30935 | Lair:3   | Noticed Nessos
 31452 | Lair:3   | Killed Nessos
 31652 | Lair:4   | Found a dark tunnel.
 31672 | Volcano  | Entered a volcano
 31750 | Volcano  | Found a radiant altar of Vehumet.
 31956 | Volcano  | Noticed a red draconian
 32047 | Volcano  | HP: 2/103 [salamander/+0 trident (9)]
 32047 | Volcano  | Slain by a salamander

Illustrated notes

Levels and vault maps discovered:
D:1:      lemuel_arrival_river_ford, layout_basic,
          nicolae_concentric_dashed_squares_mild, minmay_liquid_box,
          minmay_pentomino_w2
D:2:      layout_loops_ring, basic_altar, uniq_natasha
D:3:      layout_loops_ring, lemuel_coloured_pillars_altar,
          chequers_temple_overflow_minitemple, gammafunk_ghost_stat_death,
          shapermc_ecumenical_altar_mp_vishouse, kennysheep_generic_room_16
D:4:      layout_basic, nicolae_concentric_dashed_squares_wild,
          guppyfry_shop_venom, uniq_robin, uniq_blork_the_orc,
          uniq_crazy_yiuf_cottage
D:5:      layout_loops_ring, tso_oasis_becter, minmay_fractal_squares_5,
          uniq_pikel
D:6:      layout_basic
D:7:      layout_basic, minmay_temple_entry_from_below_a, ebering_ghost_gozag,
          serial_shops, shop, minmay_shop_damaged
D:8:      layout_loops_ring, nzn_hepliaklqana_mist_gate, zin_purify,
          lightli_ossuary_entry_decrepit_ruins, uniq_maurice,
          uniq_prince_ribbit1
D:9:      layout_loops_ring, nicolae_overflow_hidden_temple,
          lemuel_doored_altar, hellmonk_lair_entry_icy, serial_bayou,
          serial_bayou_crossing, serial_bayou_lake_a, serial_bayou_shore_b,
          serial_bayou_pond_d, enter_bailey_2, uniq_maggie, uniq_erolcha,
          uniq_harold
D:10:     layout_basic, erik_orc_1, minmay_crystal_room, kennysheep_crisscross
D:11:     layout_gridville, kennysheep_potato, uniq_psyche, uniq_urug, uniq_grum
D:12:     layout_irregular_city, gauntlet_entry_generic, uniq_frances,
          uniq_kirke
Temple:   nicolae_temple_godzebo
Lair:1:   layout_regular_city, wad_woods_road_06, nicolae_lair_lakeside_cave,
          serial_bayou_shore_b
Lair:2:   layout_regular_city, minmay_shoals_entry_beasts,
          gammafunk_ghost_berserking_beasts, kennysheep_rathole
Lair:3:   layout_chaotic_city, minmay_snake_entry_guardpost_small, uniq_nessos
Lair:4:   layout_gridlike, nicolae_volcano_entry_hallway, gammafunk_ghost_ooze,
          chequers_serial_rivers_small_3, st_stairs_7,
          nicolae_quartered_pool_medium
Volcano:  kennysheep_volcano_temple

Skill      XL: |  1  2  3  4  5  6  7  8  9 10 11 12 13 |
---------------+----------------------------------------+-----
Spellcasting   | 5 6 7 8 9 10 | 10.1
Invocations    | 1 2 3 4 5 6 7 8 9 |  9.5
Short Blades   | 1 2 3 5 6 7 8 |  8.7
Long Blades    | 1 2 3 5 6 7 8 |  8.7
Axes           | 1 2 3 5 6 7 8 |  8.7
Maces & Flails | 1 2 3 5 6 7 8 |  8.7
Staves         | 1 2 3 5 6 7 8 |  8.7
Ranged Weapons | 1 2 3 5 6 7 8 |  8.7
Stealth        | 1 2 3 5 6 7 8 |  8.7
Shields        | 1 2 3 5 6 7 8 |  8.7
Unarmed Combat | 1 2 3 5 6 7 8 |  8.7
Evocations     | 1 2 3 5 6 7 8 |  8.7
Conjurations   | 1 2 3 4 5 6 7 |  7.3
Hexes          | 1 2 3 4 5 6 7 |  7.3
Summonings     | 1 2 3 4 5 6 7 |  7.3
Necromancy     | 1 2 3 4 5 6 7 |  7.3
Transmutations | 1 2 3 4 5 6 7 |  7.3
Fire Magic     | 1 2 3 4 5 6 7 |  7.3
Ice Magic      | 1 2 3 4 5 6 7 |  7.3
Air Magic      | 1 2 3 4 5 6 7 |  7.3
Earth Magic    | 1 2 3 4 5 6 7 |  7.3
Poison Magic   | 1 2 3 4 5 6 7 |  7.3
Throwing       | 3 4 5 6 7 8 9 |  9.2
Armour         | 3 4 5 6 7 8 9 |  9.2
Fighting       | 5 6 7 8 9 |  9.9
Polearms       | 5 6 7 8 9 |  9.9
Dodging        | 5 6 7 8 9 |  9.9
Translocations | 6 7 8 9 |  9.2

Action                     |  1- 3 |  4- 6 |  7- 9 | 10-12 | 13-15 || total
---------------------------+-------+-------+-------+-------+-------++-------
  Melee: Long sword        |    71 |   154 |   316 |   733 |       ||  1274
         Bite              |     1 |    19 |    36 |   162 |    64 ||   282
         Punch             |       |     1 |     2 |    28 |    23 ||    54
         Kick              |       |       |     1 |   115 |    86 ||   202
         Headbutt          |       |       |     1 |    73 |    61 ||   135
         Whip              |       |       |       |   507 |   364 ||   871
  Throw: Stone             |    12 |     5 |       |       |       ||    17
         Dart              |     4 |     4 |    68 |   161 |    84 ||   321
         Boomerang         |       |       |    10 |       |       ||    10
   Cast: Teleport Other    |       |       |     6 |    30 |     1 ||    37
         Blink             |       |       |     7 |    16 |     2 ||    25
         Dazzling Flash    |       |       |     2 |     7 |       ||     9
         Beastly Appendage |       |       |     1 |    26 |    15 ||    42
         Vhi's Electric Ch |       |       |     1 |     5 |       ||     6
         Manifold Assault  |       |       |       |    82 |     9 ||    91
         Ozocubu's Armour  |       |       |       |    25 |    19 ||    44
 Invoke: Potion Petition   |       |       |       |     1 |       ||     1
         Call Merchant     |       |       |       |     1 |       ||     1
  Evoke: Wand              |       |     1 |     2 |     5 |     2 ||    10
         Phantom mirror    |       |       |       |     1 |     1 ||     2
    Use: Scroll            |       |     8 |     5 |    14 |     5 ||    32
         Potion            |       |       |     5 |     7 |     1 ||    13
   Stab: Sleeping          |       |     1 |     2 |     4 |     2 ||     9
         Distracted        |       |     1 |       |     3 |       ||     4
         Invisible         |       |       |       |     1 |       ||     1
 Armour: Leather armour    |    25 |    22 |    64 |       |       ||   111
         Steam dragon scal |       |       |    18 |   153 |       ||   171
         Robe              |       |       |       |   112 |    65 ||   177
  Dodge: Dodged            |    52 |   151 |   348 |   947 |   200 ||  1698
  Block: Buckler           |       |       |    19 |   158 |       ||   177
